 Dungeon Crawl Stone Soup version 0.21.1-1-g345015f (webtiles) character file.

74 lysyklops the Firebug (level 4, 0/33 HPs)
             Began as a Draconian Fire Elementalist on July 26, 2018.
             Slain by Natasha (4 damage)
             ... on level 2 of the Dungeon.
             The game lasted 00:07:52 (1741 turns).

lysyklops the Firebug (Draconian Fire Elementalist) Turns: 1741, Time: 00:07:53

Health: 0/33       AC:  5    Str: 10    XL:     4   Next: 10%
Magic:  2/8        EV: 11    Int: 17    God:
Gold:   63         SH:  3    Dex: 11    Spells: 7/8 levels left

rFire    . . .     SeeInvis .   a - +0 short sword
rCold    . . .     Gourm    .   e - +0 buckler
rNeg     . . .     Faith    .   (armour unavailable)
rPois    .         Spirit   .   (helmet restricted)
rElec    .         Reflect  .   (no cloak)
rCorr    .         Harm     .   (no gloves)
MR       .....                  (no boots)
Stlth    ++........             (no amulet)
HPRegen  0.11/turn              (no ring)
MPRegen  0.11/turn              (no ring)

@: very slightly contaminated
A: unfitting armour, cold-blooded, AC +5
a: no special abilities


You were on level 2 of the Dungeon.
You were not hungry.

You visited 1 branch of the dungeon, and saw 2 of its levels.

You collected 63 gold pieces.

Inventory:

Hand Weapons
 a - a +0 short sword (weapon)
 b - a +0 hunting sling
Missiles
 j - 77 stones (quivered)
Armour
 e - a +0 buckler (worn)
Jewellery
 f - an uncursed amulet of magic regeneration {unknown}
 g - a +3 ring of strength {unknown}
Scrolls
 c - 2 scrolls of immolation {unknown}
 l - a scroll of remove curse {unknown}
Potions
 d - 2 potions of invisibility {unknown}
 h - a potion of agility {unknown}
 k - a potion of degeneration {unknown}
 n - a potion of curing {unknown}
Books
 m - a book of Flames

   Spells                             Type                      Level
   a - Flame Tongue                   Conjuration/Fire             1
   b - Throw Flame                    Conjuration/Fire             2
   c - Conjure Flame                  Conjuration/Fire             3
   d - Inner Flame                    Hexes/Fire                   3
   e - Sticky Flame                   Conjuration/Fire             4
   f - Fireball                       Conjuration/Fire             5
Comestibles
 i - 5 rations
 o - 3 chunks of flesh


   Skills:
 - Level 1.8 Dodging
 - Level 1.7 Stealth
 + Level 1.5 Shields
 + Level 2.6 Spellcasting
 + Level 2.1 Conjurations
 + Level 3.5 Fire Magic


You had 7 spell levels left.
You knew the following spells:

 Your Spells              Type           Power        Failure   Level  Hunger
a - Flame Tongue          Conj/Fire      ##...        8%          1    #......


Dungeon Overview and Level Annotations

Branches:
Dungeon (2/15)

Altars:

Annotations:
D:2 Natasha


Innate Abilities, Weirdness & Mutations

Your plain brown scales are hard. (AC +5)
You cannot fit into any form of body armour.
You are cold-blooded and may be slowed by cold attacks.


Message History

* * * LOW HITPOINT WARNING * * *
The shadow imp disappears in a puff of smoke!
The crimson imp disappears in a puff of smoke!
You block Natasha's attack.
You hit Natasha but do no damage. Natasha barely misses you.
You hit Natasha.
Natasha is moderately wounded.
Natasha claws you.
* * * LOW HITPOINT WARNING * * *
You miss Natasha.
Natasha is moderately wounded.
Natasha closely misses you.
You closely miss Natasha.
Natasha is moderately wounded.
Natasha stares at you and mumbles some strange words.
You resist with some effort.
You closely miss Natasha.
Natasha is moderately wounded.
Natasha claws you.
You die...

. #....# #
. #.####
.##.#
..#.#
##########
..#.#
(((55h...#
.)#.#
########.#
..#.# #.#
....# #h#
..#####.
#@#
>.......#
#.#
..#######
#.# .##
#.# .# #.#
.# ##.# .#
#..# ##
#.## #.#


You could see Natasha.

Vanquished Creatures
  3 gnolls (D:2)
  A dart slug (D:2)
  5 bats
  2 giant cockroaches
  5 goblins (D:1)
  9 hobgoblins
  A quokka (D:2)
  3 frilled lizards
  5 kobolds
  5 rats
39 creatures vanquished.

Notes
Turn   | Place    | Note
-------+----------+-------------------------------------------
     0 | D:1      | lysyklops the Draconian Fire Elementalist began the quest for the Orb.
     0 | D:1      | Reached XP level 1. HP: 14/14 MP: 3/3
   274 | D:1      | Reached XP level 2. HP: 20/20 MP: 1/5
   851 | D:1      | Reached skill level 1 in Shields
  1201 | D:2      | Reached XP level 3. HP: 26/26 MP: 4/6
  1602 | D:2      | Reached XP level 4. HP: 28/33 MP: 3/7
  1714 | D:2      | Noticed Natasha
  1741 | D:2      | Slain by Natasha

Skill      XL: |  1  2  3 |
---------------+----------+-----
Shields        | 1 |  1.5
Conjurations   | 2 |  2.1
Dodging        | |  1.8
Stealth        | |  1.7
Spellcasting   | |  2.6
Fire Magic     | |  3.5

Action                   |  1- 3 |  4- 6 || total
-------------------------+-------+-------++-------
Melee: Whip              |     6 |       ||     6
       Club              |     1 |       ||     1
       Dagger            |     4 |       ||     4
       Tailslap          |     3 |       ||     3
       Short sword       |    11 |     7 ||    18
 Fire: Hunting sling     |     7 |     9 ||    16
 Cast: Flame Tongue      |    48 |    12 ||    60
  Eat: Chunk             |     2 |     1 ||     3
Armor: Skin              |     4 |     1 ||     5
Dodge: Dodged            |    18 |     4 ||    22
Block: Buckler           |     2 |     2 ||     4
